[Event "Titled Tuesday Blitz May 24 Early 2022"]
[White "Lamaze, Simon"]
[Black "Hoffmann, Asa"]
[WhiteFideId "36069264"]
[BlackFideId "2001470"]
[WhiteElo "1999"]
[BlackElo "2117"]
[Result "1/2-1/2"]
[Round "04"]
[TimeControl "180+1"]
[Date "2022.05.25"]
[WhiteClock "0:00:15"]
[BlackClock "0:00:06"]

1. d4 Nf6 2. c4 c5 3. d5 e5 4. Nc3 d6 5. e4 Be7 6. Be2 Nbd7 7. Be3 Nf8 8. h4 h6 9. h5 N6h7 10. Qd2 Bg5 11. g3 Bxe3 12. Qxe3 a6 13. a4 b6 14. f4 Qe7 15. f5 Qg5 16. Kf2 Nf6 17. Rh4 Qxe3+ 18. Kxe3 Bd7 19. Nf3 N8h7 20. g4 Ke7 21. Rg1 Ng5 22. Rh2 Nxf3 23. Bxf3 Nh7 24. Be2 Rhb8 25. Rf2 Ng5 26. Ra1 Nh3 27. Rf3 Nf4 28. Bf1 Kf6 29. Rf2 g6 30. hxg6 fxg6 31. Rxf4 exf4+ 32. Kxf4 g5+ 33. Ke3 b5 34. axb5 axb5 35. Rxa8 Rxa8 36. cxb5 Ra1 37. Be2 Ke5 38. b6 Bc8 39. Bb5 Rg1 40. Bd7 Ba6 41. Bc6 Rxg4 42. b7 Bxb7 43. Bxb7 h5 44. Bc8 Kf6 45. Nb5 Ke7 46. Nxd6 Kxd6 47. f6 Rf4 48. Bf5 Rf1 49. Ke2 Rf4 50. Ke3 Rf1 51. Ke2 Rf4 52. Ke3 1/2-1/2


[Site "https://www.chess.com"]

[Event "Titled Tuesday Blitz May 24 Early 2022"]
[White "Legenia, Artem"]
[Black "Gracia Alvarez, Gerardo Antonio"]
[WhiteFideId "14136945"]
[BlackFideId "5109124"]
[WhiteElo "1936"]
[BlackElo "2139"]
[Result "1-0"]
[Round "04"]
[TimeControl "180+1"]
[Date "2022.05.25"]
[WhiteClock "0:01:19"]
[BlackClock "0:01:31"]

1. g3 g6 2. Bg2 Bg7 3. e3 c5 4. Ne2 Nc6 5. d3 d5 6. h3 e5 7. b3 Nge7 8. Bb2 O-O 9. Nd2 Be6 10. O-O Qd7 11. Kh2 f5 12. a3 g5 13. Qc1 f4 14. exf4 gxf4 15. Nf3 e4 16. Bxg7 Kxg7 17. Ng5 f3 18. Nf4 Bg8 19. Bh1 h6 20. Nh5+ Kh8 21. Nxe4 dxe4 22. Qxh6+ 1-0


[Site "https://www.chess.com"]

[Event "Titled Tuesday Blitz May 24 Early 2022"]
[White "Lobachev, Yury"]
[Black "Dmitrenko, Viktor"]
[WhiteFideId "24138177"]
[BlackFideId "14110270"]
[WhiteElo "2309"]
[BlackElo "2218"]
[Result "0-1"]
[Round "04"]
[TimeControl "180+1"]
[Date "2022.05.25"]
[WhiteClock "0:00:02"]
[BlackClock "0:00:38"]

1. c4 c6 2. Nc3 e5 3. g3 Nf6 4. Bg2 d5 5. cxd5 cxd5 6. d4 e4 7. Bg5 Bb4 8. e3 Bxc3+ 9. bxc3 O-O 10. Ne2 Nbd7 11. O-O h6 12. Bxf6 Nxf6 13. Qb3 Bg4 14. Rfe1 Qd7 15. c4 dxc4 16. Qxc4 Rac8 17. Qb3 Rc6 18. Nc3 Bf3 19. Na4 b6 20. Rac1 Rfc8 21. Rxc6 Rxc6 22. Nb2 Qc8 23. h3 Rc3 24. Qa4 Rc2 25. Qb3 Rc1 26. Rxc1 Qxc1+ 27. Kh2 Qd2 28. Bxf3 exf3 29. Nd3 Ne4 30. Kg1 Nxf2 31. Nxf2 Qe1+ 0-1


[Site "https://www.chess.com"]

[Event "Titled Tuesday Blitz May 24 Early 2022"]
[White "Lopez, Henry"]
[Black "Shevtchenko, Olesya"]
[WhiteFideId "5203830"]
[BlackFideId "24131890"]
[WhiteElo "2177"]
[BlackElo "2003"]
[Result "1-0"]
[Round "04"]
[TimeControl "180+1"]
[Date "2022.05.25"]
[WhiteClock "0:00:59"]
[BlackClock "0:00:04"]

1. d4 d5 2. Nf3 Nf6 3. c4 e6 4. Nc3 c6 5. Bg5 h6 6. Bh4 dxc4 7. e4 g5 8. Bg3 b5 9. Be2 Bb7 10. h4 g4 11. Ne5 h5 12. f3 gxf3 13. gxf3 Nbd7 14. Nxd7 Qxd7 15. Be5 Be7 16. Qd2 Rg8 17. O-O-O O-O-O 18. Qf4 Rg6 19. Rdg1 Rdg8 20. Rxg6 Rxg6 21. Kb1 Bd8 22. Rd1 Ne8 23. Qh2 Bc7 24. f4 f6 25. Bxc7 Qxc7 26. Bxh5 Rg8 27. e5 fxe5 28. fxe5 Qh7+ 29. Ka1 Qxh5 30. Re1 Rg4 31. Qe2 Rxh4 32. Qd2 Rh1 33. Ne4 Rxe1+ 34. Qxe1 Qf5 35. Nc5 Kc7 36. a4 a6 37. Qa5+ Kb8 38. Qb6 Qf7 39. Nxa6+ Ka8 40. axb5 cxb5 41. Nc5 c3 42. bxc3 Qf1+ 43. Kb2 Qe2+ 44. Ka3 Qc4 45. Qxb7# 1-0


[Site "https://www.chess.com"]

[Event "Titled Tuesday Blitz May 24 Early 2022"]
[White "Lutz, Igor Oscar"]
[Black "Gulevich, Artem"]
[WhiteFideId "2110806"]
[BlackFideId "24119580"]
[WhiteElo "1716"]
[BlackElo "2218"]
[Result "1/2-1/2"]
[Round "04"]
[TimeControl "180+1"]
[Date "2022.05.25"]
[WhiteClock "0:01:10"]
[BlackClock "0:01:25"]

1. d4 d5 2. c4 c6 3. Nf3 Nf6 4. g3 e6 5. Bg2 Be7 6. O-O O-O 7. Nbd2 b6 8. Qc2 Bb7 9. e4 Nbd7 10. e5 Ne8 11. cxd5 cxd5 12. h4 Rc8 13. Qd3 Nc7 14. Rd1 Re8 15. Nf1 Ba6 16. Qe3 Bxf1 17. Bxf1 b5 18. Bd3 a5 19. Ng5 Nf8 20. Qf3 f5 21. exf6 gxf6 22. Nxh7 Nxh7 23. Bxh7+ Kxh7 24. Qh5+ Kg8 25. Qg6+ Kh8 26. Qh6+ Kg8 27. Qg6+ Kh8 28. Qh6+ Kg8 29. Qg6+ 1/2-1/2


[Site "https://www.chess.com"]

[Event "Titled Tuesday Blitz May 24 Early 2022"]
[White "Macovei, Andrei"]
[Black "Pein, Jonathan"]
[WhiteFideId "13904680"]
[BlackFideId "417092"]
[WhiteElo "2472"]
[BlackElo "2140"]
[Result "0-1"]
[Round "04"]
[TimeControl "180+1"]
[Date "2022.05.25"]
[WhiteClock "0:01:45"]
[BlackClock "0:01:54"]

1. e4 e5 2. Nf3 d6 3. d4 exd4 4. Nxd4 Nf6 5. Nc3 g6 6. g3 Bg7 7. Bg2 O-O 8. O-O Nc6 9. Nde2 Re8 10. h3 Bd7 11. Be3 b5 12. a3 a5 13. g4 b4 14. axb4 axb4 15. Rxa8 Qxa8 16. Nb5 Qb7 17. Nbd4 Nxe4 18. Qd3 Nxd4 19. Bxd4 Bb5 20. Qe3 Bxe2 21. Bxg7 Bxf1 22. Bh8 0-1


[Site "https://www.chess.com"]

[Event "Titled Tuesday Blitz May 24 Early 2022"]
[White "Maksimenko, Viktor"]
[Black "Andreikin, Dmitry"]
[WhiteFideId "13710478"]
[BlackFideId "4158814"]
[WhiteElo "2269"]
[BlackElo "2736"]
[Result "0-1"]
[Round "04"]
[TimeControl "180+1"]
[Date "2022.05.24"]
[WhiteClock "0:00:34"]
[BlackClock "0:01:34"]

1. d4 Nf6 2. c4 e6 3. Nf3 d5 4. g3 dxc4 5. Bg2 c6 6. Ne5 Bb4+ 7. Nc3 Nd5 8. Bd2 Nb6 9. e3 N8d7 10. Ne4 Nxe5 11. dxe5 a5 12. a3 Bxd2+ 13. Qxd2 O-O 14. Nd6 f6 15. Qc3 Nd5 16. Qxc4 fxe5 17. Ne4 b6 18. Qxc6 Bd7 19. Qd6 Bb5 20. Qxe6+ Kh8 21. Rd1 Bc4 22. Nd6 Nxe3 23. Nf7+ Rxf7 24. Rxd8+ Rxd8 0-1


[Site "https://www.chess.com"]

[Event "Titled Tuesday Blitz May 24 Early 2022"]
[White "Maksimovic, Bojan"]
[Black "Sargsyan, Anna M."]
[WhiteFideId "14408120"]
[BlackFideId "13308130"]
[WhiteElo "2448"]
[BlackElo "2271"]
[Result "1-0"]
[Round "04"]
[TimeControl "180+1"]
[Date "2022.05.25"]
[WhiteClock "0:00:06"]
[BlackClock "0:00:03"]

1. Nf3 d5 2. e3 Nf6 3. c4 c6 4. d4 Bg4 5. Qb3 Qb6 6. Nc3 e6 7. Ne5 Bf5 8. Bd3 Bxd3 9. Nxd3 dxc4 10. Qxc4 Nbd7 11. O-O Be7 12. e4 O-O 13. Be3 Qa5 14. Qb3 c5 15. e5 Ng4 16. Qxb7 Nxe3 17. fxe3 Rfd8 18. Qf3 Rf8 19. Qb7 Rfd8 20. Qf3 Rf8 21. d5 c4 22. d6 Bg5 23. b4 Qa3 24. Ne4 Bh6 25. Nec5 Nxc5 26. Nxc5 Qxb4 27. Nd7 Rfe8 28. Qxf7+ Kh8 29. Kh1 c3 30. Rab1 Qe4 31. Nb8 Rg8 32. d7 Qh4 33. Nc6 c2 34. Rbc1 Qc4 35. Nd4 Bxe3 36. Nxc2 Bxc1 37. Rxc1 Rad8 38. Qe7 Qd3 39. Nb4 Qxd7 40. Qxd7 Rxd7 41. h3 Rb8 42. Na6 Rbd8 43. Rc6 Re7 44. Nc5 Rde8 45. Ne4 h6 46. Nd6 Rb8 47. Ra6 Kg8 48. Kh2 g5 49. Rc6 Kg7 50. a4 a5 51. Rc5 Ra7 52. Rc3 Rb4 53. Rf3 Rxa4 54. Rf6 Rd4 55. Rxe6 Rd7 56. Nf5+ Kf7 57. Rf6+ Ke8 58. e6 Rh7 59. Nxd4 a4 60. Nf5 a3 61. e7 a2 62. Rf8+ Kd7 63. e8=Q+ Kc7 64. Qa4 1-0


[Site "https://www.chess.com"]

[Event "Titled Tuesday Blitz May 24 Early 2022"]
[White "Manukian, Artak"]
[Black "Zavgorodniy, Sergiy"]
[WhiteFideId "13301373"]
[BlackFideId "14110148"]
[WhiteElo "2505"]
[BlackElo "2420"]
[Result "1-0"]
[Round "04"]
[TimeControl "180+1"]
[Date "2022.05.25"]
[WhiteClock "0:00:15"]
[BlackClock "0:00:03"]

1. e4 e5 2. Nf3 d6 3. d4 exd4 4. Nxd4 Nf6 5. f3 Be7 6. c4 O-O 7. Nc3 c6 8. Be3 a6 9. Be2 b5 10. O-O Re8 11. Qd2 Bf8 12. Rad1 g6 13. Nc2 Nbd7 14. Bf2 Bb7 15. Ne3 Qc7 16. Rc1 b4 17. Na4 Rad8 18. Rfd1 a5 19. b3 Nh5 20. Bf1 Ne5 21. Nc2 c5 22. Ne3 Bh6 23. Nb2 f5 24. exf5 Bxf3 25. fxg6 Bxd1 26. gxh7+ Qxh7 27. Qxd1 Qg6 28. Nd3 Nf4 29. Nxf4 Bxf4 30. Rc2 Rf8 31. Nd5 Bxh2+ 32. Kxh2 Rd7 33. Kg1 Rdf7 34. Be2 Rxf2 35. Ne7+ Kg7 36. Nxg6 Nxg6 37. Qxd6 R2f5 38. Bf3 Ne5 39. Re2 R8f6 40. Qc7+ Rf7 41. Qd6 R7f6 42. Qxe5 Rxe5 43. Rxe5 a4 44. Rxc5 a3 45. Rb5 Rd6 46. Bd5 Kf6 47. Rxb4 Ra6 48. Ra4 Rd6 49. Rxa3 Ke5 50. Ra8 Kf4 51. Re8 Ra6 52. a4 Rb6 53. c5 Rb4 54. Bc4 Rb7 55. c6 Rc7 56. Re6 1-0


[Site "https://www.chess.com"]

[Event "Titled Tuesday Blitz May 24 Early 2022"]
[White "Martin Carmona, Gaston Manuel"]
[Black "Osiecki, Stanislaw"]
[WhiteFideId "22284567"]
[BlackFideId "1102990"]
[WhiteElo "2162"]
[BlackElo "2127"]
[Result "1-0"]
[Round "04"]
[TimeControl "180+1"]
[Date "2022.05.25"]
[WhiteClock "0:01:24"]
[BlackClock "0:00:50"]

1. d4 Nf6 2. c4 g6 3. Nc3 Bg7 4. e4 d6 5. Nf3 O-O 6. Be2 e5 7. dxe5 dxe5 8. Qxd8 Rxd8 9. Bg5 c6 10. O-O h6 11. Bxf6 Bxf6 12. Rfd1 Rxd1+ 13. Rxd1 Be6 14. Na4 Na6 15. a3 g5 16. h3 Kf8 17. Ne1 Rd8 18. Rxd8+ Bxd8 19. Nc2 Ke7 20. Ne3 Nc7 21. Nc5 Bc8 22. Bg4 Ne6 23. Nf5+ Kf6 24. Nxh6 Nxc5 25. Bxc8 b6 26. Ng4+ Ke7 27. Nxe5 Nxe4 28. Nxc6+ Ke8 29. Nxa7 Bf6 30. b4 Bd4 31. Nb5 Bxf2+ 32. Kf1 Be3 33. Ke2 Bc1 34. Kd3 Nf2+ 35. Kd4 Kd8 36. Bf5 Ke7 37. Kd5 Kf6 38. Bc2 Be3 39. c5 bxc5 40. bxc5 Ke7 41. a4 Bd2 42. c6 Ba5 43. c7 Kd7 44. Bf5+ Ke7 45. c8=Q 1-0


[Site "https://www.chess.com"]

[Event "Titled Tuesday Blitz May 24 Early 2022"]
[White "Martin, Lewis"]
[Black "Levitskiy, Andrey"]
[WhiteFideId "410551"]
[BlackFideId "14132885"]
[WhiteElo "2145"]
[BlackElo "2301"]
[Result "1/2-1/2"]
[Round "04"]
[TimeControl "180+1"]
[Date "2022.05.25"]
[WhiteClock "0:00:16"]
[BlackClock "0:00:06"]

1. e4 e6 2. d4 d5 3. Nd2 c5 4. exd5 Qxd5 5. dxc5 Bxc5 6. Ngf3 Nf6 7. Bd3 Nc6 8. O-O h6 9. Nb3 Bb6 10. Qe2 O-O 11. Rd1 Qh5 12. Bf4 Re8 13. Ne5 Qxe2 14. Bxe2 Ne4 15. Nd3 e5 16. Bg3 Nxg3 17. hxg3 Nd4 18. Nxd4 Bxd4 19. c3 Bb6 20. Nb4 Be6 21. Nd5 Red8 22. Nxb6 axb6 23. a3 Bd5 24. Rd2 Bb3 25. Rxd8+ Rxd8 26. Bf3 Rd7 27. Kf1 f5 28. Ke1 e4 29. Be2 Kf7 30. a4 Kf6 31. a5 bxa5 32. Rxa5 g5 33. Rb5 Be6 34. Rb6 Ke7 35. Bb5 Rc7 36. Be2 Kf6 37. f3 Ke5 38. Rb5+ Kf6 39. Rb6 Ke5 40. Rb5+ Kf6 41. Rb6 1/2-1/2


[Site "https://www.chess.com"]

[Event "Titled Tuesday Blitz May 24 Early 2022"]
[White "Martinez Alcantara, Jose Eduardo"]
[Black "Nogerbek, Kazybek"]
[WhiteFideId "3805662"]
[BlackFideId "13710427"]
[WhiteElo "2690"]
[BlackElo "2441"]
[Result "0-1"]
[Round "04"]
[TimeControl "180+1"]
[Date "2022.05.24"]
[WhiteClock "0:00:08"]
[BlackClock "0:00:11"]

1. e4 c5 2. Nf3 Nc6 3. Bc4 e6 4. Nc3 Nf6 5. d3 d5 6. Bb5 Bd7 7. O-O Be7 8. e5 Ng4 9. Bxc6 Bxc6 10. h3 Nh6 11. d4 Nf5 12. Re1 h5 13. Ne2 Qb6 14. c3 Rc8 15. dxc5 Bxc5 16. Ned4 Bxd4 17. Nxd4 Nxd4 18. cxd4 Bb5 19. b3 Qa5 20. Bd2 Qa3 21. Re3 Qb2 22. a4 Ba6 23. Rc1 O-O 24. Rec3 Rxc3 25. Rxc3 f6 26. exf6 Rxf6 27. Qe1 Kh7 28. f3 Rg6 29. h4 b6 30. Bg5 Be2 31. Qc1 Qxc1+ 32. Rxc1 e5 33. Re1 Bd3 34. Rxe5 Bc2 35. Rxd5 Bxb3 36. Rd7 a5 37. Rb7 Bxa4 38. d5 Rd6 39. Bf4 Rxd5 40. Rxb6 Bd7 41. Ra6 a4 42. Kh2 Kg8 43. Ra7 Kf7 44. Kg3 Ke6 45. Ra6+ Kf7 46. Bg5 Kg8 47. Kf4 Kf7 48. Ra7 Kg8 49. Ke3 Kf7 50. Bf4 Kg8 51. Bc7 Kf7 52. Bb6 Ke6 53. Bd4 g6 54. Ra6+ Rd6 55. Ra5 Rc6 56. Ke4 Kf7 57. Kd5 Rc7 58. Kd6 Rb7 59. Ra8 Be8 60. Bc5 Rd7+ 61. Ke5 Rd2 62. Ra7+ Kg8 63. Kf6 Rc2 64. Bd4 Rc6+ 65. Ke7 Rc8 66. g3 Bc6 67. f4 Rf8 68. Be5 Rf7+ 69. Kd6 Rxa7 70. Kxc6 a3 71. Ba1 a2 72. Kb5 Re7 73. f5 gxf5 74. Ka4 Re1 75. Kb3 Rxa1 76. Kb2 Rg1 77. Kc3 Rxg3+ 78. Kd4 a1=Q+ 0-1


[Site "https://www.chess.com"]

[Event "Titled Tuesday Blitz May 24 Early 2022"]
[White "Matinian, Nikita"]
[Black "Vo, Thi Kim Phung"]
[WhiteFideId "24129100"]
[BlackFideId "12401838"]
[WhiteElo "2422"]
[BlackElo "2261"]
[Result "1-0"]
[Round "04"]
[TimeControl "180+1"]
[Date "2022.05.25"]
[WhiteClock "0:00:22"]
[BlackClock "0:00:01"]

1. e4 e6 2. d4 d5 3. Nc3 Nf6 4. Bg5 dxe4 5. Nxe4 Be7 6. Bxf6 gxf6 7. Nf3 f5 8. Nc3 a6 9. g3 b5 10. Bg2 Bb7 11. O-O Nd7 12. d5 Nc5 13. dxe6 Nxe6 14. Qc1 O-O 15. Rd1 Qc8 16. Qh6 Rd8 17. Ne5 Bxg2 18. Kxg2 Qb7+ 19. f3 Bd6 20. Nd3 b4 21. Ne2 Bf8 22. Qh5 Ng7 23. Qg5 Qb5 24. Ndf4 Rd6 25. Rxd6 cxd6 26. Nd4 Qc4 27. Rd1 Re8 28. h4 Be7 29. Qh6 Bf8 30. b3 Qc3 31. Nd5 Re6 32. Qxe6 fxe6 33. Nxc3 bxc3 34. Ne2 e5 35. Nxc3 Ne6 36. Nd5 Kf7 37. c3 Nc5 38. Rb1 Bg7 39. b4 Nd3 40. a4 1-0


[Site "https://www.chess.com"]

[Event "Titled Tuesday Blitz May 24 Early 2022"]
[White "Matlakov, Maxim"]
[Black "Avinash, Ramesh"]
[WhiteFideId "4168003"]
[BlackFideId "45018340"]
[WhiteElo "2669"]
[BlackElo "1875"]
[Result "1-0"]
[Round "04"]
[TimeControl "180+1"]
[Date "2022.05.24"]
[WhiteClock "0:00:15"]
[BlackClock "0:00:04"]

1. d4 Nf6 2. Nf3 g6 3. g3 Bg7 4. Bg2 O-O 5. O-O d5 6. c4 dxc4 7. Na3 Nbd7 8. Nxc4 c5 9. Bf4 Nb6 10. Rc1 Nxc4 11. Rxc4 cxd4 12. Rxd4 Qa5 13. a3 Nh5 14. Bd2 Qa6 15. Rb4 Rd8 16. Qe1 Nf6 17. e4 Be6 18. Qe3 Rd3 19. Qc5 Rad8 20. Bc3 Bf8 21. Ng5 Bd7 22. e5 Ne8 23. Bxb7 Rxc3 24. Qxc3 Qe2 25. Qf3 Qxf3 26. Nxf3 Nc7 27. Rd1 e6 28. Rbd4 Nd5 29. Bxd5 exd5 30. Rxd5 Bc6 31. Rxd8 Bxf3 32. Rc1 Kg7 33. e6 fxe6 34. Rc7+ Kf6 35. Rxf8+ Ke5 36. Rxf3 1-0


[Site "https://www.chess.com"]

[Event "Titled Tuesday Blitz May 24 Early 2022"]
[White "McCoy, Owen"]
[Black "Lauridsen, Jesper Morch"]
[WhiteFideId "30924502"]
[BlackFideId "1401890"]
[WhiteElo "2476"]
[BlackElo "2250"]
[Result "1-0"]
[Round "04"]
[TimeControl "180+1"]
[Date "2022.05.25"]
[WhiteClock "0:01:58"]
[BlackClock "0:01:03"]

1. e4 e6 2. d4 d5 3. Nc3 Bb4 4. e5 c5 5. a3 Bxc3+ 6. bxc3 Qa5 7. Bd2 Qa4 8. dxc5 Nd7 9. Rb1 Qxa3 10. Rb4 Ne7 11. Nf3 O-O 12. Bd3 Nxc5 13. Bxh7+ Kxh7 14. Ng5+ Kg6 15. Rh4 f6 16. Qh5+ Kf5 17. Rf4+ Kxe5 18. Nf7# 1-0


[Site "https://www.chess.com"]

[Event "Titled Tuesday Blitz May 24 Early 2022"]
[White "Melikhov, Evgeny V."]
[Black "Artemenko, Oleg"]
[WhiteFideId "4122046"]
[BlackFideId "14201798"]
[WhiteElo "1931"]
[BlackElo "2287"]
[Result "1/2-1/2"]
[Round "04"]
[TimeControl "180+1"]
[Date "2022.05.25"]
[WhiteClock "0:00:20"]
[BlackClock "0:01:08"]

1. d4 e6 2. c4 b6 3. Nc3 Bb7 4. e4 Bb4 5. e5 Ne7 6. Nf3 O-O 7. Bd3 Nf5 8. O-O d6 9. Re1 dxe5 10. dxe5 Nd7 11. Bf4 Bxc3 12. bxc3 Nc5 13. Bc2 Qxd1 14. Raxd1 Bxf3 15. gxf3 Ne7 16. Be4 Nxe4 17. fxe4 Rad8 18. Be3 Nc6 19. f4 Na5 20. c5 Nc4 21. Bd4 c6 22. cxb6 axb6 23. a4 Ra8 24. Ra1 c5 25. Bf2 Rfd8 26. Red1 Kf8 27. Rxd8+ Rxd8 28. a5 Ra8 29. a6 Ke8 30. Ra4 Nb2 31. Ra2 Nd3 32. a7 Nxf2 33. Kxf2 Kd7 34. f5 Kc6 35. Ke3 Kb7 36. Rg2 g6 37. fxe6 fxe6 38. Rf2 Rxa7 39. Rf6 Ra3 40. Rxe6 Rxc3+ 41. Kf4 Rh3 42. Re8 Kc6 43. e6 Rxh2 44. e5 Kd5 45. e7 Ke6 46. Rb8 Kxe7 47. Rb7+ Ke6 48. Rxb6+ Kd5 49. Rd6+ Kc4 50. e6 Re2 51. Kg5 h5 52. Kf6 h4 53. e7 h3 54. Re6 Rxe6+ 55. Kxe6 h2 56. e8=Q h1=Q 57. Qa4+ Kd3 58. Qa3+ Kd4 59. Qb2+ Ke3 60. Qc3+ Kf4 61. Qf6+ Ke3 62. Qc3+ Kf4 63. Qf6+ Ke3 64. Qc3+ 1/2-1/2


[Site "https://www.chess.com"]

[Event "Titled Tuesday Blitz May 24 Early 2022"]
[White "Melikyan, Gnel"]
[Black "Warchol, Kamil"]
[WhiteFideId "54109990"]
[BlackFideId "21858241"]
[WhiteElo "1772"]
[BlackElo "1951"]
[Result "1-0"]
[Round "04"]
[TimeControl "180+1"]
[Date "2022.05.25"]
[WhiteClock "0:02:07"]
[BlackClock "0:01:03"]

1. d4 d6 2. Nf3 Bg4 3. Nbd2 Nd7 4. h3 Bxf3 5. Nxf3 e5 6. Bg5 Ngf6 7. dxe5 dxe5 8. e3 c6 9. Bc4 Be7 10. O-O O-O 11. c3 Qc7 12. Qc2 h6 13. Bh4 b5 14. Bb3 Nc5 15. Rfd1 Rab8 16. Qf5 e4 17. Ne5 Nxb3 18. axb3 Rbd8 19. Bxf6 Bxf6 20. Nd7 Rfe8 21. Nxf6+ gxf6 22. Qxf6 Rxd1+ 23. Rxd1 Re6 24. Rd8+ Qxd8 25. Qxd8+ Kg7 26. Qd4+ f6 27. Qxa7+ Kg6 28. Qd7 Re5 29. Qxc6 Rd5 30. Qxd5 1-0


[Site "https://www.chess.com"]

[Event "Titled Tuesday Blitz May 24 Early 2022"]
[White "Mortazavi, Ali"]
[Black "Van den Dikkenberg, Erik"]
[WhiteFideId "401323"]
[BlackFideId "1005880"]
[WhiteElo "2339"]
[BlackElo "2118"]
[Result "1-0"]
[Round "04"]
[TimeControl "180+1"]
[Date "2022.05.25"]
[WhiteClock "0:00:01"]
[BlackClock "0:00:01"]

1. Nf3 c5 2. e4 d6 3. b4 cxb4 4. a3 b3 5. c4 Nf6 6. Nc3 Nc6 7. d4 Bg4 8. d5 Bxf3 9. gxf3 Ne5 10. f4 Ned7 11. Qxb3 Nc5 12. Qb1 g6 13. e5 Nfd7 14. e6 fxe6 15. dxe6 Nxe6 16. Bh3 Nec5 17. f5 Bg7 18. Qc2 gxf5 19. Bxf5 Qa5 20. Bd2 Qa6 21. Nd5 O-O-O 22. Rb1 Kb8 23. Nb4 Qxa3 24. Nc6+ Kc7 25. Nxd8 Kxd8 26. Be3 Bc3+ 27. Kf1 Rf8 28. Rg1 Be5 29. h3 Nb6 30. Rb5 Qa1+ 31. Kg2 Qa3 32. Bxc5 dxc5 33. Rd1+ Bd4 34. Bg4 h5 35. Rxd4+ cxd4 36. Bd1 Qd6 37. Qe4 Qf6 38. f3 Qg5+ 39. Kf1 Qd2 40. Qe2 Qf4 41. Rxh5 Qg3 42. c5 Nd7 43. Qf2 Qf4 44. c6 Qc1 45. Qe1 1-0


[Site "https://www.chess.com"]

[Event "Titled Tuesday Blitz May 24 Early 2022"]
[White "Nakamura, Hikaru"]
[Black "Yuan, Qingyu"]
[WhiteFideId "2016192"]
[BlackFideId "8609772"]
[WhiteElo "2850"]
[BlackElo "2359"]
[Result "1-0"]
[Round "04"]
[TimeControl "180+1"]
[Date "2022.05.24"]
[WhiteClock "0:00:27"]
[BlackClock "0:00:04"]

1. Nf3 d5 2. e3 c5 3. b3 Nf6 4. Bb2 g6 5. Bxf6 exf6 6. c3 Bd6 7. d4 O-O 8. g3 cxd4 9. Nxd4 Nc6 10. Bg2 Bc5 11. Ne2 Be6 12. Nd2 Qe7 13. O-O Rad8 14. Nf3 Bf5 15. Nfd4 Bg4 16. Qd2 Rfe8 17. Nf4 Be6 18. Rad1 a6 19. Ndxe6 fxe6 20. Nxe6 Qxe6 21. Bxd5 Kf8 22. Bxe6 Rxd2 23. Rxd2 Rxe6 24. Rd7 Re7 25. Rfd1 Ke8 26. Rxe7+ Kxe7 27. Kf1 f5 28. Ke2 Bd6 29. f4 Nd8 30. Kf3 Ne6 31. e4 fxe4+ 32. Kxe4 Nc7 33. Rf1 Ke6 34. g4 Ne8 35. c4 Nf6+ 36. Kf3 a5 37. Rd1 b6 38. h3 Nd7 39. Re1+ Kf7 40. h4 Nf6 41. Rd1 Ke7 42. f5 gxf5 43. gxf5 Bc5 44. Re1+ Kf7 45. Re6 Nd7 46. h5 Nf6 47. h6 Nd7 48. Kf4 Be7 49. Rc6 Bc5 50. Rc8 Ke7 51. Rh8 Nf6 52. Ra8 Nd7 53. Rg8 Kf7 54. Rg7+ Ke8 55. Rxh7 Bd4 56. Ke4 Bc3 57. Rxd7 Kxd7 58. Kd5 Bf6 59. h7 Bg7 60. a3 Bb2 61. b4 axb4 62. axb4 Ke7 63. c5 bxc5 64. b5 Kd7 65. Kxc5 Bf6 66. b6 Bb2 67. Kd5 Bc3 68. b7 Kc7 69. Ke6 Bh8 70. Kf7 Kxb7 71. Kg8 Bf6 72. h8=Q Bxh8 73. Kxh8 1-0


[Site "https://www.chess.com"]

[Event "Titled Tuesday Blitz May 24 Early 2022"]
[White "Namitbir Singh Walia"]
[Black "Liyanage, Ranindu Dilshan"]
[WhiteFideId "35071068"]
[BlackFideId "9915834"]
[WhiteElo "1565"]
[BlackElo "1858"]
[Result "0-1"]
[Round "04"]
[TimeControl "180+1"]
[Date "2022.05.25"]
[WhiteClock "0:00:26"]
[BlackClock "0:01:05"]

1. d4 Nf6 2. c4 e6 3. Nf3 d5 4. g3 Be7 5. Bg2 O-O 6. O-O dxc4 7. Qc2 a6 8. a4 Nc6 9. Qxc4 Na5 10. Qc2 b6 11. Ne5 Bb7 12. Bxb7 Nxb7 13. Nc6 Qe8 14. Nxe7+ Qxe7 15. Nc3 c5 16. Rd1 cxd4 17. Rxd4 Nc5 18. b4 e5 19. Rd1 Ne6 20. Qb2 Nd4 21. Be3 Rfd8 22. Na2 Qd6 23. Rd3 Nxe2+ 24. Qxe2 Qxd3 25. Qxd3 Rxd3 26. Bxb6 Nd5 27. Bc5 Ra3 28. Rd1 Nc7 29. Nc1 Ne6 30. Bd6 Rd8 0-1


[Site "https://www.chess.com"]

[Event "Titled Tuesday Blitz May 24 Early 2022"]
[White "Navalgund, Niranjan"]
[Black "Sanchez, Robert"]
[WhiteFideId "5030854"]
[BlackFideId "2034360"]
[WhiteElo "2290"]
[BlackElo "2258"]
[Result "0-1"]
[Round "04"]
[TimeControl "180+1"]
[Date "2022.05.25"]
[WhiteClock "0:00:30"]
[BlackClock "0:00:25"]

1. e4 e6 2. g3 c5 3. Bg2 Nc6 4. Nc3 g6 5. h4 h6 6. h5 g5 7. Nge2 Bg7 8. d3 d6 9. f4 Nge7 10. fxg5 hxg5 11. Bxg5 Qb6 12. Rb1 Nd4 13. h6 Be5 14. Nf4 Ng6 15. Qh5 Ne7 16. Qd1 Bd7 17. Nce2 f6 18. Nxd4 cxd4 19. Qh5+ Kd8 20. Bh4 Qa5+ 21. Kf1 Qxa2 22. Qd1 Rc8 23. Bf3 Rxh6 24. Kg2 Qa4 25. b3 Qc6 26. Rb2 Kc7 27. Ra2 Rg8 28. Ne2 Ng6 29. Kf2 Nxh4 30. gxh4 a6 31. Qd2 Rgh8 32. h5 Be8 33. Ra4 Kb8 34. Rc4 Qd7 35. Nxd4 Bxd4+ 36. Rxd4 Bxh5 37. Rb4 e5 38. d4 Qg7 39. dxe5 fxe5 40. Bxh5 Qf6+ 41. Ke3 Rxh5 42. Rxh5 Rxh5 43. Kd3 Rh3+ 44. Kc4 Qe6+ 45. Qd5 Qc8+ 0-1


[Site "https://www.chess.com"]

[Event "Titled Tuesday Blitz May 24 Early 2022"]
[White "Nilsen, Tobias Lang"]
[Black "Hambleton, Aman"]
[WhiteFideId "1521624"]
[BlackFideId "2606577"]
[WhiteElo "2014"]
[BlackElo "2552"]
[Result "1-0"]
[Round "04"]
[TimeControl "180+1"]
[Date "2022.05.25"]
[WhiteClock "0:01:39"]
[BlackClock "0:00:01"]

1. f4 Nh6 2. e4 d5 3. Nc3 dxe4 4. Nxe4 Nc6 5. Nf3 Bf5 6. Ng3 e6 7. Bb5 Qd5 8. c4 Qd6 9. Ne5 a6 10. Qa4 Bc2 11. Bxc6+ bxc6 12. Qxc2 f6 13. Nf3 Qxf4 14. d4 Bb4+ 15. Bd2 Qe3+ 16. Ne2 Ng4 17. Rf1 Rb8 18. b3 Bxd2+ 19. Qxd2 Qe4 20. Qf4 Qxf4 21. Nxf4 g5 22. Nxe6 Kf7 23. Nc5 Rhe8+ 24. Kd2 Ne3 25. Ne5+ 1-0


[Site "https://www.chess.com"]

[Event "Titled Tuesday Blitz May 24 Early 2022"]
[White "Nugumanov, Bakhtiyar"]
[Black "Kvaloy, Aksel Bu"]
[WhiteFideId "13701797"]
[BlackFideId "1528815"]
[WhiteElo "2262"]
[BlackElo "2053"]
[Result "1-0"]
[Round "04"]
[TimeControl "180+1"]
[Date "2022.05.25"]
[WhiteClock "0:00:11"]
[BlackClock "0:00:46"]

1. Nf3 d5 2. g3 Nd7 3. d4 Nb6 4. Bg2 Nf6 5. O-O Bf5 6. Ne5 e6 7. c4 c6 8. Nc3 Bd6 9. b3 Be7 10. a4 a5 11. f3 O-O 12. e4 dxe4 13. fxe4 Bg6 14. Kh1 c5 15. d5 Nbd7 16. Nxg6 hxg6 17. d6 Ne5 18. dxe7 Qxe7 19. Qe2 Nfd7 20. Bf4 g5 21. Be3 Rad8 22. Rad1 Nb8 23. Nb5 Nbc6 24. Rxd8 Rxd8 25. Rd1 f6 26. Rxd8+ Qxd8 27. Bxc5 b6 28. Bf2 Qe7 29. h3 Qb4 30. Qd1 Qc3 31. Nxc3 1-0


[Site "https://www.chess.com"]

[Event "Titled Tuesday Blitz May 24 Early 2022"]
[White "Odegov, Artem"]
[Black "Eynullayev, Atilla"]
[WhiteFideId "34183644"]
[BlackFideId "13413570"]
[WhiteElo "2286"]
[BlackElo "1936"]
[Result "1-0"]
[Round "04"]
[TimeControl "180+1"]
[Date "2022.05.25"]
[WhiteClock "0:00:17"]
[BlackClock "0:00:57"]

1. d4 Nf6 2. c4 e6 3. Nf3 d5 4. Nc3 c5 5. Bg5 cxd4 6. Nxd4 dxc4 7. e3 Bb4 8. Qa4+ Nc6 9. Nxc6 Bxc3+ 10. bxc3 Qd7 11. Bxc4 bxc6 12. Rd1 Qb7 13. O-O O-O 14. Bxf6 gxf6 15. Rd6 c5 16. Be2 Rb8 17. Qg4+ Kh8 18. Qh4 Kg7 19. Bd3 Rh8 20. Qg4+ Kf8 21. Rd8+ Ke7 22. Rxh8 1-0


[Site "https://www.chess.com"]